HBL
SPOKANE RIVER RATS @ IDAHO FALLS CHUKARS
04/11/1997
 
TOP OF THE 1ST
Spokane River Rats batting - Pitching for Idaho Falls Chukars : RHP Phil Leftwich
Pitching: RHP Phil Leftwich
Batting: LHB Andy Fox 0-0: Fly out, F8 (Flyball, 8LM, EV 94.4 MPH)
Batting: SHB Chris Latham 0-0: Foul Ball, location: 2F
0-1: Called Strike
0-2: Strikes out looking
Batting: LHB Michael Tucker 0-0: Ball
1-0: Fly out, F8 (Line Drive, 8RM, EV 90.6 MPH)
Top of the 1st over - 0 runs, 0 hits, 0 errors, 0 left on base; Spokane 0 - Idaho Falls 0
BOTTOM OF THE 1ST
Idaho Falls Chukars batting - Pitching for Spokane River Rats : RHP Jaret Wright
Pitching: RHP Jaret Wright
Batting: LHB Wayne Kirby 0-0: Ball
1-0: SINGLE (Groundball, 56D, EV 101.9 MPH)
Batting: LHB Dwight Smith 0-0: Foul Ball, location: 2F
0-1: Foul Ball, location: 2F
0-2: Foul Ball, location: 2F
0-2: Ball
1-2: Fly out, F8 (Line Drive, 8RM, EV 91.9 MPH)
Batting: LHB Tyler Houston 0-0: Ball
1-0: Called Strike
1-1: Ball
2-1: Swinging Strike
2-2: Ball
3-2: Base on Balls
Wayne Kirby to second
Batting: LHB Rico Brogna 0-0: Ball
1-0: Ball
2-0: Foul Ball, location: 2F
2-1: Ball
3-1: Base on Balls
Wayne Kirby to third
Tyler Houston to second
Batting: SHB Marcus Jensen 0-0: Ball
1-0: DOUBLE (Line Drive, 3D, EV 107.5 MPH)
Wayne Kirby scores
Tyler Houston scores
Rico Brogna to third
Batting: LHB Darren Daulton 0-0: Ball
1-0: Fly out, F8 (Flyball, 8LXD, EV 100.6 MPH)
Runner from 3rd tags up, SCORES, no throw by CF
Batting: RHB Dave Hajek 0-0: Ball
1-0: Ball
2-0: Foul Ball, location: 2F
2-1: Ball
3-1: Base on Balls
Batting: LHB Dave Martinez 0-0: Called Strike
0-1: Foul Ball, location: 2F
0-2: Fly out, F7 (Line Drive, 7, EV 86.9 MPH)
Bottom of the 1st over - 3 runs, 2 hits, 0 errors, 2 left on base; Spokane 0 - Idaho Falls 3
TOP OF THE 2ND
Spokane River Rats batting - Pitching for Idaho Falls Chukars : RHP Phil Leftwich
Batting: SHB Gene Kingsale 0-0: Called Strike
0-1: Swinging Strike
0-2: Foul Ball, location: 2F
0-2: Ball
1-2: Foul Ball, location: 2F
1-2: Strikes out looking
Batting: RHB Tony Rodriguez 0-0: Ball
1-0: Swinging Strike
1-1: SINGLE (Line Drive, 5D, EV 96.9 MPH)
Batting: SHB Luis M. Lopez 0-0: Ball
1-0: Swinging Strike
1-1: Fly out, F7 (Flyball, 7S, EV 90.6 MPH)
Batting: RHB Mark Dalesandro 0-0: Called Strike
0-1: Ball
1-1: Ball
2-1: Foul Ball, location: 2F
2-2: Ball
3-2: Foul Ball, location: 2F
3-2: Strikes out swinging
Top of the 2nd over - 0 runs, 1 hit, 0 errors, 1 left on base; Spokane 0 - Idaho Falls 3
BOTTOM OF THE 2ND
Idaho Falls Chukars batting - Pitching for Spokane River Rats : RHP Jaret Wright
Batting: RHB Takahiro Suzuki 0-0: Ball
1-0: Swinging Strike
1-1: DOUBLE (Line Drive, 89XD, EV 108.1 MPH)
Batting: LHB Wayne Kirby 0-0: Ball
1-0: Fly out, F7 (Line Drive, 7, EV 100.0 MPH)
Runner from 2nd tags up, SAFE at 3rd with throw by LF
Batting: LHB Dwight Smith 0-0: Called Strike
0-1: Foul Ball, location: 2F
0-2: Fly out, F8 (Flyball, 89D, EV 93.8 MPH)
Runner from 3rd tags up, SCORES, no throw by CF
Batting: LHB Tyler Houston 0-0: Called Strike
0-1: DOUBLE (Line Drive, 9LS, EV 89.4 MPH)
Batting: LHB Rico Brogna 0-0: Ball
1-0: Ball
2-0: SINGLE (Groundball, 4D, EV 103.8 MPH)
Tyler Houston to third
Runner from 3rd tries for Home, SAFE, no throw by CF
Batting: SHB Marcus Jensen 0-0: Ball
1-0: Called Strike
1-1: Swinging Strike
1-2: Foul Ball, location: 2F
1-2: Ball
2-2: Ball
3-2: Ground out 5-3 (Groundball, 5L, EV 81.9 MPH)
Bottom of the 2nd over - 2 runs, 3 hits, 0 errors, 1 left on base; Spokane 0 - Idaho Falls 5
TOP OF THE 3RD
Spokane River Rats batting - Pitching for Idaho Falls Chukars : RHP Phil Leftwich
Batting: SHB Doug Brady 0-0: Called Strike
0-1: Ball
1-1: Ball
2-1: Foul Ball, location: 2F
2-2: Ball
3-2: Base on Balls
Batting: RHB Rico Rossy 0-0: Called Strike
0-1: Swinging Strike
0-2: Foul Ball, location: 2F
0-2: Foul Ball, location: 2F
0-2: Ball
1-2: Foul Ball, location: 2F
1-2: Ball
2-2: SINGLE (Groundball, 56D, EV 95.0 MPH)
Doug Brady to second
Batting: LHB Andy Fox 0-0: Fielders Choice at 2nd, 6-4 (Groundball, 6D, EV 90.0 MPH)
Doug Brady to third
Batting: SHB Chris Latham 0-0: Called Strike
0-1: Foul Ball, location: 2F
0-2: Foul Ball, location: 2F
0-2: Ball
1-2: Fly out, F9 (Line Drive, 9, EV 93.8 MPH)
Runner from 3rd tags up, SCORES, throw by RF
Batting: LHB Michael Tucker 0-0: Ball
1-0: Called Strike
1-1: Ball
Andy Fox steals 2nd base
2-1: Foul Ball, location: 2F
2-2: Foul Ball, location: 2F
2-2: Ball
3-2: Ground out U3 (Groundball, 3, EV 90.0 MPH)
Top of the 3rd over - 1 run, 1 hit, 0 errors, 1 left on base; Spokane 1 - Idaho Falls 5
BOTTOM OF THE 3RD
Idaho Falls Chukars batting - Pitching for Spokane River Rats : RHP Jaret Wright
Batting: LHB Darren Daulton 0-0: Foul Ball, location: 2F
0-1: Fly out, F8 (Flyball, 8LS, EV 85.0 MPH)
Batting: RHB Dave Hajek 0-0: Foul Ball, location: 2F
0-1: Ball
1-1: Ball
2-1: Ball
3-1: Foul Ball, location: 2F
3-2: Foul Ball, location: 2F
3-2: Ground out 5-3 (Groundball, 56S, EV 80.6 MPH)
Batting: LHB Dave Martinez 0-0: Called Strike
0-1: Ball
1-1: Ball
2-1: Foul Ball, location: 2F
2-2: DOUBLE (Line Drive, 78D, EV 106.3 MPH)
Batting: RHB Takahiro Suzuki 0-0: Called Strike
0-1: Ball
1-1: Foul Ball, location: 2F
1-2: Fly out, F8 (Flyball, 8LS, EV 93.8 MPH)
Bottom of the 3rd over - 0 runs, 1 hit, 0 errors, 1 left on base; Spokane 1 - Idaho Falls 5
TOP OF THE 4TH
Spokane River Rats batting - Pitching for Idaho Falls Chukars : RHP Phil Leftwich
Batting: SHB Gene Kingsale 0-0: Called Strike
0-1: Foul Ball, location: 2F
0-2: Strikes out swinging
Batting: RHB Tony Rodriguez 0-0: Called Strike
0-1: Swinging Strike
0-2: Ground out 1-3 (Groundball, 15, EV 79.4 MPH)
Batting: SHB Luis M. Lopez 0-0: Ball
1-0: Foul Ball, location: 2F
1-1: SINGLE (Groundball, 4MD, EV 95.6 MPH)
Batting: RHB Mark Dalesandro 0-0: Ball
1-0: Called Strike
1-1: Ball
2-1: Ball
3-1: Called Strike
3-2: Foul Ball, location: 2F
3-2: Fly out, F8 (Flyball, 8RM, EV 75.6 MPH)
Top of the 4th over - 0 runs, 1 hit, 0 errors, 1 left on base; Spokane 1 - Idaho Falls 5
BOTTOM OF THE 4TH
Idaho Falls Chukars batting - Pitching for Spokane River Rats : RHP Jaret Wright
Batting: LHB Wayne Kirby 0-0: Swinging Strike
0-1: Ball
1-1: Called Strike
1-2: Ball
2-2: Foul Ball, location: 2F
2-2: Strikes out swinging
Batting: LHB Dwight Smith 0-0: Called Strike
0-1: Ball
1-1: Ball
2-1: DOUBLE (Line Drive, 78D, EV 100.6 MPH)
Batting: LHB Tyler Houston 0-0: Ball
1-0: Foul Ball, location: 2F
1-1: Ball
Dwight Smith steals 3rd base
2-1: Foul Ball, location: 2F
2-2: Foul Ball, location: 2F
2-2: DOUBLE (Line Drive, 78XD, EV 105.6 MPH)
Dwight Smith scores
Pitching: RHP Doug Brocail
Batting: LHB Rico Brogna 0-0: Foul Ball, location: 2F
0-1: Ball
1-1: Ground out 6-3 (Groundball, 6, EV 84.4 MPH)
Tyler Houston to third
Batting: SHB Marcus Jensen 0-0: Ball
1-0: Called Strike
1-1: Foul Ball, location: 2F
1-2: Strikes out swinging
Bottom of the 4th over - 1 run, 2 hits, 0 errors, 1 left on base; Spokane 1 - Idaho Falls 6
TOP OF THE 5TH
Spokane River Rats batting - Pitching for Idaho Falls Chukars : RHP Phil Leftwich
Batting: SHB Doug Brady 0-0: Ball
1-0: Ball
2-0: Ground out 6-3 (Groundball, 6, EV 108.1 MPH)
Batting: RHB Rico Rossy 0-0: Ball
1-0: Ball
2-0: SINGLE (Line Drive, 89S, EV 106.3 MPH)
Batting: LHB Andy Fox 0-0: Foul Ball, location: 2F
0-1: Called Strike
0-2: Ball
1-2: Strikes out looking
Batting: SHB Chris Latham 0-0: Swinging Strike
0-1: Called Strike
0-2: Foul Ball, location: 2F
0-2: DOUBLE (Line Drive, 3D, EV 103.8 MPH)
Rico Rossy to third
Batting: LHB Michael Tucker 0-0: Foul Ball, location: 2F
0-1: Ball
1-1: Swinging Strike
1-2: SINGLE (Groundball, 6, EV 108.8 MPH) (infield hit)
Rico Rossy scores
Chris Latham to third
Batting: SHB Gene Kingsale 0-0: Ball
1-0: Called Strike
1-1: Ball
2-1: Foul Ball, location: 2F
2-2: Foul Ball, location: 2F
2-2: Ball
3-2: DOUBLE (Line Drive, 8LXD, EV 97.5 MPH)
Chris Latham scores
Michael Tucker to third
Michael Tucker scores
Batting: RHB Tony Rodriguez 0-0: Ball
1-0: Ground out 1-3 (Groundball, P, EV 89.4 MPH)
Top of the 5th over - 3 runs, 4 hits, 0 errors, 1 left on base; Spokane 4 - Idaho Falls 6
BOTTOM OF THE 5TH
Idaho Falls Chukars batting - Pitching for Spokane River Rats : RHP Doug Brocail
Batting: LHB Darren Daulton 0-0: Ball
1-0: Ball
2-0: Ball
3-0: Ground out 4-3 (Groundball, 4, EV 88.8 MPH)
Batting: RHB Dave Hajek 0-0: Called Strike
0-1: Foul Ball, location: 2F
0-2: SINGLE (Groundball, 6, EV 105.6 MPH) (infield hit)
Batting: LHB Dave Martinez 0-0: Fly out, F8 (Flyball, 8RS, EV 95.0 MPH)
Batting: RHB Takahiro Suzuki 0-0: Called Strike
0-1: Fly out, F9 (Line Drive, 9, EV 108.1 MPH)
Bottom of the 5th over - 0 runs, 1 hit, 0 errors, 1 left on base; Spokane 4 - Idaho Falls 6
TOP OF THE 6TH
Spokane River Rats batting - Pitching for Idaho Falls Chukars : RHP Phil Leftwich
Batting: SHB Luis M. Lopez 0-0: Ball
1-0: Ground out 1-3 (Groundball, 13, EV 85.6 MPH)
Batting: RHB Mark Dalesandro 0-0: SINGLE (Groundball, 4, EV 87.5 MPH) (infield hit)
Batting: SHB Doug Brady 0-0: 2-RUN HOME RUN (Line Drive, 89XD, EV 110.6 MPH), Distance : 432 ft
Pitching: RHP Phil Stidham
Batting: RHB Rico Rossy 0-0: Fly out, F7 (Flyball, 78D, EV 98.8 MPH)
Batting: LHB Andy Fox 0-0: Ball
1-0: Foul Ball, location: 2F
1-1: Foul Ball, location: 2F
1-2: Ball
2-2: Ball
3-2: Foul Ball, location: 2F
3-2: Base on Balls
Batting: SHB Chris Latham 0-0: Ball
1-0: Called Strike
1-1: Foul Ball, location: 2F
1-2: Fly out, F8 (Flyball, 78D, EV 110.6 MPH)
Top of the 6th over - 2 runs, 2 hits, 0 errors, 1 left on base; Spokane 6 - Idaho Falls 6
BOTTOM OF THE 6TH
Idaho Falls Chukars batting - Pitching for Spokane River Rats : RHP Doug Brocail
Batting: LHB Wayne Kirby 0-0: Ball
1-0: Foul Ball, location: 2F
1-1: Ball
2-1: SINGLE (Groundball, 56D, EV 95.6 MPH)
Batting: LHB Dwight Smith 0-0: Fly out, F8 (Flyball, 8RS, EV 81.3 MPH)
Batting: LHB Tyler Houston 0-0: Fly out, F3 (Popup, 3SF, EV 73.8 MPH)
Batting: LHB Rico Brogna 0-0: Ball
Wayne Kirby is caught stealing 2nd base 2-6
Bottom of the 6th over - 0 runs, 1 hit, 0 errors, 0 left on base; Spokane 6 - Idaho Falls 6
TOP OF THE 7TH
Spokane River Rats batting - Pitching for Idaho Falls Chukars : RHP Phil Stidham
Batting: LHB Michael Tucker 0-0: Called Strike
0-1: Ball
1-1: Ball
2-1: Foul Ball, location: 2F
2-2: Ball
3-2: Fly out, F6 (Flyball, 56D, EV 93.1 MPH)
Batting: SHB Gene Kingsale 0-0: Ball
1-0: SINGLE (Groundball, 34D, EV 93.8 MPH)
Batting: RHB Tony Rodriguez 0-0: Fly out, F9 (Flyball, 9D, EV 95.6 MPH)
Batting: SHB Luis M. Lopez 0-0: Foul Ball, location: 2F
0-1: Foul Ball, location: 2F
0-2: Ball
1-2: Foul Ball, location: 2F
1-2: Ground out 4-3 (Groundball, 34, EV 91.9 MPH)
Top of the 7th over - 0 runs, 1 hit, 0 errors, 1 left on base; Spokane 6 - Idaho Falls 6
BOTTOM OF THE 7TH
Idaho Falls Chukars batting - Pitching for Spokane River Rats : RHP Doug Brocail
Batting: LHB Rico Brogna 0-0: Called Strike
0-1: Foul Ball, location: 2F
0-2: Ball
1-2: Ball
2-2: Fly out, F8 (Flyball, 8LD, EV 91.3 MPH)
Batting: SHB Marcus Jensen 0-0: Ball
1-0: Ball
2-0: Ball
3-0: Called Strike
3-1: Called Strike
3-2: Foul Ball, location: 2F
3-2: Foul Ball, location: 2F
3-2: Foul Ball, location: 2F
3-2: Fly out, F8 (Flyball, 8LD, EV 78.8 MPH)
Batting: LHB Darren Daulton 0-0: Called Strike
0-1: Swinging Strike
0-2: Ball
1-2: Ball
2-2: Ball
3-2: Strikes out swinging
Bottom of the 7th over - 0 runs, 0 hits, 0 errors, 0 left on base; Spokane 6 - Idaho Falls 6
TOP OF THE 8TH
Spokane River Rats batting - Pitching for Idaho Falls Chukars : RHP Phil Stidham
Batting: RHB Mark Dalesandro 0-0: Swinging Strike
0-1: Foul Ball, location: 2F
0-2: Foul Ball, location: 2F
0-2: Foul Ball, location: 2F
0-2: Strikes out swinging
Batting: SHB Doug Brady 0-0: Called Strike
0-1: Ground out 4-3 (Groundball, 4, EV 78.1 MPH)
Batting: RHB Rico Rossy 0-0: Called Strike
0-1: Swinging Strike
0-2: Ball
1-2: Fly out, F8 (Flyball, 89D, EV 78.8 MPH)
Top of the 8th over - 0 runs, 0 hits, 0 errors, 0 left on base; Spokane 6 - Idaho Falls 6
BOTTOM OF THE 8TH
Idaho Falls Chukars batting - Pitching for Spokane River Rats : RHP Doug Brocail
Batting: RHB Dave Hajek 0-0: Called Strike
0-1: Ball
1-1: Foul Ball, location: 2F
1-2: Ball
2-2: Ground out 5-3 (Groundball, 56S, EV 79.4 MPH)
Batting: LHB Dave Martinez 0-0: Fly out, F8 (Flyball, 89D, EV 78.1 MPH)
Batting: RHB Takahiro Suzuki 0-0: Foul Ball, location: 2F
0-1: Swinging Strike
0-2: Ball
1-2: Ball
2-2: Strikes out swinging
Bottom of the 8th over - 0 runs, 0 hits, 0 errors, 0 left on base; Spokane 6 - Idaho Falls 6
TOP OF THE 9TH
Spokane River Rats batting - Pitching for Idaho Falls Chukars : RHP Phil Stidham
Batting: LHB Andy Fox 0-0: Ball
1-0: SINGLE (Groundball, 5D, EV 98.1 MPH)
Pitching: RHP Ralph Citarella
Batting: SHB Chris Latham 0-0: Fly out, F8 (Flyball, 8LD, EV 100.0 MPH)
Batting: LHB Michael Tucker 0-0: Ball
1-0: Swinging Strike
1-1: Ball
2-1: SINGLE (Flyball, 7S, EV 90.6 MPH)
Andy Fox to second
Batting: SHB Gene Kingsale 0-0: Ball
1-0: Ball
2-0: Called Strike
2-1: Foul Ball, location: 2F
2-2: Ball
3-2: SINGLE (Groundball, 34D, EV 97.5 MPH)
Andy Fox to third
Michael Tucker to second
Runner from 3rd tries for Home, SAFE, throw by RF to home
Batting: RHB Tony Rodriguez 0-0: Called Strike
0-1: Ball
1-1: Ball
2-1: Foul Ball, location: 2F
2-2: Ball
3-2: Fly out, F8 (Flyball, 8LS, EV 83.8 MPH)
Batting: SHB Luis M. Lopez 0-0: Foul Ball, location: 2F
0-1: Called Strike
0-2: Foul Ball, location: 2F
0-2: Hit by Pitch
Michael Tucker to third
Gene Kingsale to second
Batting: RHB Mark Dalesandro 0-0: DOUBLE (Groundball, 5L, EV 106.3 MPH)
Michael Tucker scores
Gene Kingsale scores
Luis M. Lopez to third
Batting: SHB Doug Brady 0-0: DOUBLE (Groundball, 3L, EV 103.1 MPH)
Luis M. Lopez scores
Mark Dalesandro scores
Pitching: RHP Steve Montgomery
Batting: RHB Rico Rossy 0-0: Ball
1-0: Foul Ball, location: 2F
1-1: Ball
2-1: Fly out, F8 (Flyball, 8RS, EV 96.9 MPH)
Top of the 9th over - 5 runs, 5 hits, 0 errors, 1 left on base; Spokane 11 - Idaho Falls 6
BOTTOM OF THE 9TH
Idaho Falls Chukars batting - Pitching for Spokane River Rats : RHP Doug Brocail
Batting: LHB Wayne Kirby 0-0: Ball
1-0: Ground out 6-3 (Groundball, 6M, EV 81.9 MPH)
Batting: LHB Dwight Smith 0-0: Ball
1-0: Ball
2-0: Ground out 5-3 (Groundball, 56S, EV 66.9 MPH)
Batting: LHB Tyler Houston 0-0: Ground out 6-3 (Groundball, 6, EV 77.5 MPH)
Bottom of the 9th over - 0 runs, 0 hits, 0 errors, 0 left on base; Spokane 11 - Idaho Falls 6
Monday, January 26th, 2026 - OOTP Baseball 20.8 Build 74